 Dungeon Crawl Stone Soup version 0.30-a0-414-gcb316572d5 (webtiles) character file.

Game seed: 9017774001423617310

138 pokeman the Magician (level 5, -2/29 HPs)
             Began as a Deep Elf Hedge Wizard on Dec 7, 2022.
             Succumbed to a water moccasin's poison
             ... in a sewer.
             The game lasted 00:04:54 (2602 turns).

pokeman the Magician (Deep Elf Hedge Wizard)        Turns: 2602, Time: 00:04:55

Health: -2/29      AC:  4    Str:  7    XL:     5   Next: 1%
Magic:  6/15       EV: 12    Int: 21    God:
Gold:   77         SH:  0    Dex: 14    Spells: 8/16 levels left

rFire   + . .      SeeInvis .    b - +0 war axe
rCold   + . .      Faith    .    (no shield)
rNeg    . . .      Spirit   .    e - +0 leather armour
rPois   .          Reflect  .    c - +0 hat
rElec   .          Harm     .    i - scarf {rC+ rF+}
rCorr   .          Rampage  .    (no gloves)
Will    +....                    f - +0 pair of boots
Stlth   ++........               (no amulet)
HPRegen 0.24/turn                g - ring of willpower
MPRegen 0.14/turn                (no ring)

@: lethally poisoned (-2 -> -28)
A: no striking features
a: no special abilities


You were in a sewer.
You visited 1 branch of the dungeon, and saw 3 of its levels.
You also visited: Sewer.

You collected 77 gold pieces.

Inventory:

Hand Weapons
 b - a +0 war axe (weapon)
Armour
 c - a +0 hat (worn)
 e - a +0 leather armour (worn)
 f - a +0 pair of boots (worn)
 i - a scarf of resistance (worn)
Jewellery
 g - a ring of willpower (left hand)
Wands
 k - a wand of acid (10)
Scrolls
 h - a scroll of noise {unknown}
 j - a scroll of identify {unknown}
 m - a scroll of torment {unknown}
 o - a scroll of fear {unknown}
Potions
 a - a potion of curing {unknown}
 d - a potion of magic
 l - a potion of cancellation {unknown}
 n - a potion of mutation {unknown}


   Skills:
 - Level 1.0 Fighting
 - Level 1.0 Armour
 - Level 3.0 Dodging
 - Level 3.0 Stealth
 * Level 6.0 Spellcasting
 + Level 2.4 Conjurations
 - Level 1.1 Summonings
 - Level 1.1 Translocations
 + Level 0.0 Air Magic
 + Level 0.1 Evocations


You had 8 spell levels left.
You knew the following spells:

 Your Spells              Type           Power      Damage    Failure   Level
a - Magic Dart            Conj           64%        1d6       5%          1
b - Mephitic Cloud        Conj/Pois/Air  9%         N/A       30%         3
c - Call Imp              Summ           10%        N/A       14%         2
d - Blink                 Tloc           20%        N/A       14%         2

Your spell library contained the following spells:

 Spells                   Type           Power      Damage    Failure   Level
 Apportation              Tloc           20%        N/A       9%          1
 Summon Small Mammal      Summ           40%        N/A       9%          1
 Necrotise                Necr           24%        1d5       14%         1
 Slow                     Hex            24%        N/A       14%         1
 Cigotuvi's Dreadful Rot  Necr/Pois/Air  12%        N/A       22%         2


Dungeon Overview and Level Annotations

Branches:
Dungeon (3/15)              Sewer (1/1)

Altars:


Message History

The water moccasin bites you.
The water moccasin bites you but does no damage.
Casting: Magic Dart (safe; 5% risk of failure)
Confirm with . or Enter, or press ? or * to list all spells.
Aiming: Magic Dart (safe; 5% risk of failure)
Press: ? - help, Shift-Dir - straight line, f/p - water moccasin
Aim: a water moccasin (severely wounded, 100% to hit)
The magic dart hits the water moccasin but does no damage.
The water moccasin is severely wounded.
The water moccasin bites you.
Casting: Magic Dart (safe; 5% risk of failure)
Confirm with . or Enter, or press ? or * to list all spells.
Aiming: Magic Dart (safe; 5% risk of failure)
Press: ? - help, Shift-Dir - straight line, f/p - water moccasin
Aim: a water moccasin (severely wounded, 100% to hit)
The magic dart hits the water moccasin.
The water moccasin is almost dead.
The water moccasin bites you.
You are poisoned.
The water moccasin poisons you! The water moccasin bites you.
Casting: Magic Dart (safe; 5% risk of failure)
Confirm with . or Enter, or press ? or * to list all spells.
Aiming: Magic Dart (safe; 5% risk of failure)
Press: ? - help, Shift-Dir - straight line, f/p - water moccasin
Aim: a water moccasin (almost dead, 100% to hit)
The magic dart hits the water moccasin but does no damage.
The water moccasin is almost dead.
You feel very sick. The water moccasin bites you!
* * * LOW HITPOINT WARNING * * *
You are more poisoned.
The water moccasin poisons you!
Casting: Magic Dart (safe; 5% risk of failure)
Confirm with . or Enter, or press ? or * to list all spells.
Aiming: Magic Dart (safe; 5% risk of failure)
Press: ? - help, Shift-Dir - straight line, f/p - water moccasin
Aim: a water moccasin (almost dead, 100% to hit)
The magic dart hits the water moccasin.
The water moccasin is almost dead.
You die...

##...## ##.##
#.# #.# #.# #.#
#.# .
#######.####....
∩.......@S!.....
############....
.


You could see a water moccasin.

Vanquished Creatures
  7 adders
  A worm (D:2)
  2 dart slugs (D:1)
  5 ball pythons
  6 endoplasms
  7 giant cockroaches
  7 goblins
  6 hobgoblins
  3 quokkas
  6 bats
  7 frilled lizards
  2 kobolds
  10 rats
69 creatures vanquished.

Vanquished Creatures (others)
  A plant (D:3)
1 creature vanquished.

Grand Total: 70 creatures vanquished

Notes
Turn   | Place    | Note
-------+----------+-------------------------------------------
     0 | D:1      | pokeman the Deep Elf Hedge Wizard began the quest for the
                  | Orb.
     0 | D:1      | Reached XP level 1. HP: 10/10 MP: 7/7
   283 | D:1      | Reached XP level 2. HP: 16/16 MP: 7/9
   794 | D:1      | Reached skill level 5 in Spellcasting
  1012 | D:1      | Found a faded altar of an unknown god.
  1118 | D:1      | Reached XP level 3. HP: 20/20 MP: 6/11
  1122 | D:1      | Learned a level 3 spell: Mephitic Cloud
  1125 | D:1      | Learned a level 2 spell: Call Imp
  1128 | D:1      | Learned a level 2 spell: Blink
  1574 | D:2      | Reached skill level 1 in Fighting
  1574 | D:2      | Reached skill level 1 in Armour
  1813 | D:2      | Reached XP level 4. HP: 25/25 MP: 8/13
  2476 | D:3      | Found a glowing drain.
  2486 | D:3      | Reached skill level 6 in Spellcasting
  2500 | D:3      | Reached XP level 5. HP: 20/29 MP: 6/15
  2540 | Sewer    | Entered a sewer
  2592 | Sewer    | Noticed a water moccasin
  2602 | Sewer    | Succumbed to a water moccasin's poison

Illustrated notes

Levels and vault maps discovered:
D:1:      lightli_arrival_isolated_outpost, layout_basic,
          ebering_ecumenical_altar_box
D:2:      layout_loops_ring
D:3:      layout_loops_ring, fedhas_altar_fruit_tree, portal_sewer_entry_a,
          serial_shops, shop, serial_bayou_pond_b, moated_statue
Sewer:    sewer_big_baddie

Skill      XL: |  1  2  3  4 |
---------------+-------------+-----
Spellcasting   | 5 6 |  6.0
Fighting       | 1 |  1.0
Armour         | 1 |  1.0
Conjurations   | 2 |  2.4
Stealth        | 3 |  3.0
Dodging        | 3 |  3.0
Summonings     | |  1.1
Translocations | |  1.1
Evocations     | |  0.1

Action                   |  1- 3 |  4- 6 || total
-------------------------+-------+-------++-------
Melee: Dagger            |     9 |       ||     9
       War axe           |     7 |    15 ||    22
       Punch             |     2 |       ||     2
 Cast: Magic Dart        |    92 |    54 ||   146
       Mephitic Cloud    |     1 |       ||     1
 Stab: Sleeping          |       |     1 ||     1
Armor: Robe              |     4 |       ||     4
       Leather armour    |     9 |     8 ||    17
Dodge: Dodged            |    15 |    29 ||    44

Table legend: (Time is in decaauts)
 A = Elapsed time spent in this place.
 B = Non-inter-level travel time spent in this place.
 C = Inter-level travel time spent in this place.
 D = Time resting spent in this place.
 E = Time spent auto-exploring this place.
 F = Levels seen in this place.
 G = Mean time per level.
                   A        B        C        D        E       F      G
               +--------+--------+--------+--------+--------+-----+--------+
         Total |   2620 |   2502 |    118 |     36 |   2034 |   4 |  655.0 |
       Dungeon |   2558 |   2440 |    118 |     36 |   1987 |   3 |  852.7 |
         Sewer |     61 |     61 |      0 |      0 |     47 |   1 |   61.0 |
               +--------+--------+--------+--------+--------+-----+--------+

Top non-repeatable levels by time:
     D:1: 1320 daAuts
     D:2: 1054 daAuts
     D:3: 183 daAuts
   Sewer: 61 daAuts
